 Dungeon Crawl Stone Soup version 0.28-a0-511-gcc94558de3 (webtiles) character file.

Game seed: 29899279069651701

8147 Spaninq the Frost Mage (level 10, -3/82 HPs)
             Began as a Demigod Ice Elementalist on Sept 21, 2021.
             Slain by a swamp worm (14 damage)
             ... on level 9 of the Dungeon.
             The game lasted 00:38:28 (11592 turns).

Spaninq the Frost Mage (Demigod Ice Elementalist)  Turns: 11592, Time: 00:38:29

Health: -3/82      AC: 12    Str:  9    XL:     10   Next: 78%
Magic:  26/35      EV: 12    Int: 32    God:
Gold:   493        SH:  5    Dex: 14    Spells: 11/23 levels left

rFire   . . .      SeeInvis .   i - staff of conjuration
rCold   + . .      Faith    .   (no shield)
rNeg    + . .      Spirit   .   u - +0 steam dragon scales
rPois   +          Reflect  +   j - +3 hat of Pondering {ponderous, Will+ MP+10 Int+5}
rElec   .          Harm     .   h - +0 cloak
rCorr   .          Rampage  .   y - +0 pair of gloves
Will    +++..                   d - +1 pair of boots
Stlth   ++........              f - amulet of reflection
HPRegen 0.23/turn               o - ring "Celoypt" {rPois rC+ rN+ Will+ Int-2}
MPRegen 0.24/turn               (no ring)

@: slow
A: high mp 1, forlorn
a: no special abilities


You were on level 9 of the Dungeon.
You visited 1 branch of the dungeon, and saw 9 of its levels.

You collected 493 gold pieces.

Inventory:

Hand Weapons
 a - a +1 demon trident of draining
 p - the +7 quarterstaff "Foedweum" {drain, *Rage rC+ Stlth-}
   (You found it on level 8 of the Dungeon)

   A truly terrible weapon, it drains the life of any living foe it strikes.
   rC:        It protects you from cold.
   *Rage:     It lets you go berserk by making a melee attack (+20% chance).
   Stlth:     It makes you less stealthy.
Missiles
 c - 210 stones
Armour
 d - a +1 pair of boots (worn)
 h - a +0 cloak (worn)
 j - the +3 hat of Pondering (worn) {ponderous, Will+ MP+10 Int+5}
   (You took it off Gastronok on level 8 of the Dungeon)

   Int:       It affects your intelligence (+5).
   MP:        It affects your magic capacity (+10).
   Will:      It increases your willpower.
 u - +0 steam dragon scales (worn)
 y - a +0 pair of gloves (worn)
Magical Staves
 i - a staff of conjuration (weapon)
Jewellery
 f - an amulet of reflection (around neck)
 o - the ring "Celoypt" (left hand) {rPois rC+ rN+ Will+ Int-2}
   (You found it on level 4 of the Dungeon)

   [ring of willpower]

   Int:       It affects your intelligence (-2).
   rC:        It protects you from cold.
   rPois:     It protects you from poison.
   rN:        It protects you from negative energy.
   Will:      It increases your willpower.
 C - a ring of protection from fire
Wands
 q - a wand of acid (9)
 t - a wand of flame (16)
 x - a wand of paralysis (12)
Scrolls
 e - 2 scrolls of holy word
 g - a scroll of noise
 k - 2 scrolls of amnesia
 s - a scroll of fog
 v - 2 scrolls of teleportation
 w - a scroll of magic mapping
Potions
 b - 6 potions of curing
 l - a potion of ambrosia
 m - a potion of invisibility
 n - 2 potions of mutation
 z - a potion of attraction {unknown}
 A - a potion of lignification {unknown}
 B - a potion of degeneration {unknown}


   Skills:
 + Level 5.6 Fighting
 - Level 2.9 Polearms
 - Level 1.7 Dodging
 - Level 1.7 Stealth
 + Level 7.4 Spellcasting
 * Level 7.6 Conjurations
 * Level 3.1 Hexes
 + Level 9.3 Ice Magic


You had 11 spell levels left.
You knew the following spells:

 Your Spells              Type           Power      Damage    Failure   Level
a - Freeze                Ice            100%       1d11      1%          1
b - Frozen Ramparts       Ice            100%       1d12      1%          3
c - Hailstorm             Conj/Ice       79%        3d16      1%          4
d - Fulminant Prism       Conj/Hex       31%        3d16      4%          4

Your spell library contained the following spells:

 Spells                   Type           Power      Damage    Failure   Level
 Magic Dart               Conj           100%       1d8       1%          1
 Ensorcelled Hibernation  Hex/Ice        100%       N/A       1%          2
 Searing Ray              Conj           100%       2d8       1%          2
 Dazzling Flash           Conj/Hex       100%       N/A       1%          3
 Ozocubu's Armour         Ice            64%        N/A       1%          3
 Tukima's Dance           Hex            32%        N/A       3%          3
 Portal Projectile        Hex/Tloc       42%        N/A       6%          3
 Ice Form                 Ice/Tmut       41%        N/A       6%          4
 Iskenderun's Mystic Bla  Conj/Tloc      53%        2d11      9%          4
 Simulacrum               Ice/Necr       20%        N/A       65%         6
 Blade Hands              Tmut           5%         N/A       73%         5
 Excruciating Wounds      Necr           5%         N/A       73%         5
 Starburst                Conj/Fire      26%        6d8       77%         6


Dungeon Overview and Level Annotations

Branches:
Dungeon (9/15)             Temple (0/1) D:6
   Lair: D:8-11         Orc: D:9-12

Shops:
D:2 (   D:4 (

Annotations:
D:2 Grinder


Innate Abilities, Weirdness & Mutations

Your attributes grow dramatically as you level up.
You have an increased reservoir of magic. (+10% MP)
You shall have no god before yourself.


Message History

You hear a shout!
Okay, then.
Casting: Fulminant Prism (dangerous; 4% risk of failure)
Confirm with . or Enter, or press ? or * to list all spells.
Casting: Hailstorm (mildly dangerous; 1% risk of failure)
Press: ? - help, Dir - look around, f - activate You feel a surge of power!
A cannonade of hail descends around you!
The hail pelts the swamp worm!!
The swamp worm is almost dead.
The swamp worm bites you!
* * * LOW HITPOINT WARNING * * *
The swamp worm fires a harpoon shot at you.
The harpoon shot reflects off an invisible shield around you!
The harpoon shot hits the swamp worm!
You kill the swamp worm!
Okay, then.
The swamp worm bites you.
* * * LOW HITPOINT WARNING * * *
A kobold brigand comes into view.
It is wielding a +0 short sword and quivering poisoned darts.
The swamp worm fires a harpoon shot at you.
The harpoon shot hits you but does no damage.
A bullfrog comes into view.
The kobold brigand throws a poisoned dart.
The poisoned dart barely misses you.
Casting: Hailstorm (mildly dangerous; 1% risk of failure)
Confirm with . or Enter, or press ? or * to list all spells.
Casting: Hailstorm (mildly dangerous; 1% risk of failure)
Press: ? - help, Dir - look around, f - activate You feel a surge of power!
A cannonade of hail descends around you!
The hail pelts the swamp worm!!
The swamp worm is heavily wounded.
The hail pelts the kobold brigand!!
You kill the kobold brigand!
The bullfrog gives a loud, deep croak!
A kobold comes into view. It is wielding a +0 short sword.
A kobold comes into view. It is wielding a +0 dagger.
The swamp worm bites you!
You die...

.# .# #.# ##.
#.## ## .. ...
#... #.# #.#
#.#.##.####.#
≈≈≈≈≈..F..@.#
≈≈≈≈≈...w#.####
###≈≈≈≈......<#
###≈###≈≈≈.#)####
##≈≈≈≈≈#≈≈≈†#.#
#≈≈≈≈≈=≈≈≈≈.#K#
##≈?≈≈≈#≈≈≈.#.#
###≈###≈≈≈##K# #
≈≈≈≈###..


You could see a swamp worm, a bullfrog and 2 kobolds.

Vanquished Creatures
  Gastronok (D:8)
  A two-headed ogre (D:8)
  A cyclops (D:8)
  A manticore (D:8)
  Maurice (D:8)
  A vampire (D:8)
  11 yaks
  Eustachio (D:3)
  4 steam dragons
  Menkaure (D:5)
  An acid dragon (D:9)
  A swamp worm (D:9)
  3 necrophages
  2 orc warriors
  3 black bears
  3 ogres
  A phantom (D:7)
  2 kobold brigands
  A bullfrog (D:7)
  A wyvern zombie (D:8)
  A gnoll sergeant (D:8)
  3 killer bees (D:8)
  8 wights (D:8)
  A centaur skeleton (D:7)
  5 orc priests
  A hound (D:3)
  2 jellies (D:5)
  Crazy Yiuf (D:6)
  3 bullfrog skeletons
  An iguana (D:4)
  7 orc wizards
  2 hound skeletons
  A howler monkey zombie (D:8)
  6 gnolls
  3 howler monkey skeletons (D:5)
  7 adders
  A white imp (D:6)
  An ufetubus (D:5)
  2 worms
  3 dart slugs
  30 orcs
  11 endoplasms
  5 giant cockroaches
  2 hobgoblins (D:1)
  4 jackals (D:2)
  3 quokkas
  4 ball pythons
  4 bats
  4 frilled lizards
  6 goblins
  9 kobolds
  6 rats
188 creatures vanquished.

Vanquished Creatures (others)
  28 fulminant prisms
  4 plants (D:9)
32 creatures vanquished.

Grand Total: 220 creatures vanquished

Notes
Turn   | Place    | Note
-------+----------+-------------------------------------------
     0 | D:1      | Spaninq the Demigod Ice Elementalist began the quest for
                  | the Orb.
     0 | D:1      | Reached XP level 1. HP: 14/14 MP: 5/5
   367 | D:1      | Reached XP level 2. HP: 20/20 MP: 2/7
   370 | D:1      | Reached skill level 4 in Ice Magic
   851 | D:2      | Reached XP level 3. HP: 22/26 MP: 3/9
   855 | D:2      | Learned a level 3 spell: Frozen Ramparts
   907 | D:2      | Found Mosu's Weapon Shoppe.
  1921 | D:3      | Noticed Grinder
  2101 | D:3      | Reached XP level 4. HP: 11/33 MP: 6/10
  2174 | D:2      | HP: 1/33 [Grinder/nerve-wracking pain (7)]
  2192 | D:2      | HP: 1/33 [Grinder/nerve-wracking pain (2)]
  3051 | D:3      | Reached skill level 5 in Ice Magic
  3137 | D:3      | Reached XP level 5. HP: 33/38 MP: 0/12
  3278 | D:3      | Learned a level 4 spell: Hailstorm
  4231 | D:4      | Noticed a necrophage
  4241 | D:4      | Killed a necrophage
  4242 | D:4      | Reached skill level 1 in Conjurations
  4242 | D:4      | Reached XP level 6. HP: 30/46 MP: 3/14
  4338 | D:4      | Reached skill level 1 in Fighting
  4487 | D:4      | Found Azask's Antique Weapon Shop.
  4492 | D:4      | Noticed Eustachio
  4646 | D:3      | Killed Eustachio
  4647 | D:3      | Reached skill level 6 in Ice Magic
  4938 | D:4      | Reached XP level 7. HP: 52/52 MP: 8/16
  5184 | D:4      | Identified the ring "Celoypt" {rPois rC+ rN+ Will+ Int-2}
  5245 | D:5      | Entered Level 5 of the Dungeon
  6364 | D:5      | Noticed Menkaure
  6766 | D:5      | Killed Menkaure
  6934 | D:5      | Reached XP level 8. HP: 36/62 MP: 13/18
  7412 | D:6      | Identified a scroll of acquirement
  7412 | D:6      | Acquired a +1 demon trident of draining
  7582 | D:6      | Reached skill level 7 in Ice Magic
  7780 | D:6      | Reached skill level 1 in Polearms
  8077 | D:6      | Found a staircase to the Ecumenical Temple.
  8087 | D:6      | Reached skill level 5 in Spellcasting
  8503 | D:6      | Found a runed translucent door.
  8504 | D:6      | Noticed Crazy Yiuf
  8511 | D:6      | Killed Crazy Yiuf
  9410 | D:7      | Reached XP level 9. HP: 43/71 MP: 13/20
  9704 | D:8      | Identified the +7 quarterstaff "Foedweum" {drain, *Rage rC+
                  | Stlth-}
  9878 | D:8      | Reached skill level 5 in Conjurations
  9916 | D:8      | Identified the +7 mace "Izia" {protect, Int+2}
 10102 | D:8      | Noticed Gastronok
 10110 | D:8      | Killed Gastronok
 10111 | D:8      | Reached skill level 8 in Ice Magic
 10214 | D:8      | Learned a level 4 spell: Fulminant Prism
 10377 | D:8      | Noticed Maurice
 10384 | D:8      | Killed Maurice
 10385 | D:8      | Reached XP level 10. HP: 80/80 MP: 20/24
 10542 | D:8      | Reached skill level 5 in Fighting
 10542 | D:8      | Reached skill level 9 in Ice Magic
 10738 | D:8      | Noticed a manticore
 10747 | D:8      | Killed a manticore
 10748 | D:8      | Reached skill level 1 in Hexes
 10996 | D:8      | Identified the +7 shortbow of Lukhla Logruk {vorpal, rElec
                  | MP+9}
 11155 | D:8      | Noticed a two-headed ogre
 11163 | D:8      | Killed a two-headed ogre
 11326 | D:8      | Noticed a cyclops
 11336 | D:8      | Killed a cyclops
 11592 | D:9      | Slain by a swamp worm

Illustrated notes

Levels and vault maps discovered:
D:1:      onia_arrival_pyramid, layout_rooms
D:2:      layout_loops_ring, serial_shops, shop
D:3:      layout_rooms, grunt_decor_arrowhead, uniq_grinder
D:4:      layout_gridville, serial_shops, shop, uniq_eustachio
D:5:      layout_basic, lemuel_coloured_pillars_altar, serial_curves,
          eino_curves_04, eino_curves_03, uniq_menkaure
D:6:      layout_layer_cave, mainiacjoe_overflow_paths,
          minmay_temple_entry_glassed_door, uniq_crazy_yiuf_cottage
D:7:      layout_gridville, nicolae_qazlal_eye_of_the_storm,
          nicolae_overflow_hidden_temple
D:8:      cheibrodos_steamvent, layout_basic, lemuel_tele_altar,
          minmay_diamond_spiral, uniq_gastronok, uniq_maurice
D:9:      layout_basic, mainiacjoe_overflow_small_starburst,
          nzn_wu_jian_contemplation, kennysheep_flooded_box, worms_lemuel

Skill      XL: |  1  2  3  4  5  6  7  8  9 10 |
---------------+-------------------------------+-----
Spellcasting   | 2 3 4 5 6 7 |  7.4
Ice Magic      | 4 5 6 7 8 9 |  9.3
Conjurations   | 1 2 3 4 6 7 |  7.6
Fighting       | 1 2 3 4 5 |  5.6
Polearms       | 2 |  2.9
Hexes          | 3 |  3.1
Dodging        | |  1.7
Stealth        | |  1.7

Action                   |  1- 3 |  4- 6 |  7- 9 | 10-12 || total
-------------------------+-------+-------+-------+-------++-------
Melee: Dagger            |     1 |       |       |       ||     1
       Staff             |     1 |    20 |    81 |     1 ||   103
       Demon trident     |       |       |    40 |       ||    40
       Quarterstaff      |       |       |     3 |       ||     3
 Cast: Freeze            |    78 |    65 |    32 |     5 ||   180
       Frozen Ramparts   |       |    12 |    39 |     3 ||    54
       Hailstorm         |       |       |    26 |     7 ||    33
       Fulminant Prism   |       |       |     4 |    24 ||    28
  Use: Scroll            |       |     2 |    13 |       ||    15
       Potion            |       |       |     2 |     1 ||     3
 Stab: Sleeping          |       |       |     1 |       ||     1
Armor: Robe              |     7 |    24 |    14 |       ||    45
       Leather armour    |       |       |    54 |       ||    54
       Steam dragon scal |       |       |     7 |    10 ||    17
Dodge: Dodged            |    45 |    79 |    81 |     7 ||   212
Block: Other             |       |       |     4 |     4 ||     8
       Reflection        |       |       |       |     2 ||     2

Table legend: (Time is in decaauts)
 A = Elapsed time spent in this place.
 B = Non-inter-level travel time spent in this place.
 C = Inter-level travel time spent in this place.
 D = Time resting spent in this place.
 E = Time spent auto-exploring this place.
 F = Levels seen in this place.
 G = Mean time per level.
                   A        B        C        D        E       F      G
               +--------+--------+--------+--------+--------+-----+--------+
         Total |  11720 |  11287 |    433 |   3598 |   5748 |   9 | 1302.2 |
       Dungeon |  11720 |  11287 |    433 |   3598 |   5748 |   9 | 1302.2 |
               +--------+--------+--------+--------+--------+-----+--------+

Top non-repeatable levels by time:
     D:5: 2254 daAuts
     D:8: 1871 daAuts
     D:2: 1574 daAuts
     D:3: 1535 daAuts
     D:1: 1235 daAuts
     D:7: 1153 daAuts
     D:6: 1141 daAuts
     D:4: 916 daAuts
     D:9: 37 daAuts
